 Dungeon Crawl Stone Soup version 0.29-a0-359-g541a27f54d (webtiles) character file.

Game seed: 9934786331697589261

13456 Colgate the Zephyrmancer (level 12, 0/84 HPs)
             Began as a Kobold Brigand on Apr 27, 2022.
             Was a High Priest of Ashenzari.
             Killed from afar by a lindwurm (37 damage)
             ... with a blast of flame
             ... on level 2 of the Lair of Beasts.
             The game lasted 00:58:25 (16760 turns).

Colgate the Zephyrmancer (Kobold Brigand)          Turns: 16760, Time: 00:58:26

Health: 0/84       AC: 12    Str: 11    XL:     12   Next: 32%
Magic:  1/23       EV: 21    Int: 14    God:    Ashenzari [*****.]
Gold:   114        SH:  0    Dex: 19    Spells: 11/26 levels left

rFire   . . .      SeeInvis +   a - staff of conjuration (curse) {Comp, Elem}
rCold   . . .      Faith    .   (shield currently unavailable)
rNeg    . . .      Spirit   .   l - +2 steam dragon scales of the Fated Irritation {Fort, Elem} (curse)
rPois   +          Reflect  .   P - +0 helmet of the Restrained Vision {Evo, Self} (curse)
rElec   .          Harm     +   y - +0 cloak of Ashenzari's Paranoia {rPois, Self, Comp} (curse)
rCorr   .          Rampage  .   (no gloves)
Will    .....      Clarity  +   w - +2 pair of boots of Supernal Knowledge {Fly, Elem, Alch} (curse)
Stlth   ++++......              c - amulet "Uziet" {Acrobat Harm *Slow +Inv Str+2}
HPRegen 0.24/turn               f - ring "Comet of the Sphere" {Wiz, Evo, Self} (curse)
MPRegen 0.18/turn               M - ring of the Fated Seeker {EV+4, Melee, Elem} (curse)

@: flying
A: small, no large weapons, nightstalker 3
a: Renounce Religion, Evoke Invisibility, Shatter the Chains


You were on level 2 of the Lair of Beasts.
You worshipped Ashenzari.
Ashenzari was extremely pleased with you.
You visited 3 branches of the dungeon, and saw 14 of its levels.

You collected 685 gold pieces.
You spent 571 gold pieces at shops.

Inventory:

Hand Weapons
 b - a +5 dagger
Missiles
 d - 15 poisoned darts
 e - 4 curare-tipped darts
 x - 6 throwing nets {!f}
Armour
 l - the cursed +2 steam dragon scales of the Fated Irritation (worn) {Fort, Elem}
   (You found it on level 9 of the Dungeon)

   It has a curse which improves the following skills: Fortitude: Armour and
   Shields.
   Elements:  Fire Magic, Ice Magic, Air Magic and Earth Magic.
 r - a +0 buckler
 w - the cursed +2 pair of boots of Supernal Knowledge (worn) {Fly, Elem, Alch}
   (You found it on level 3 of the Dungeon)

   It has a curse which improves the following skills: Elements: Fire Magic, Ice
   Magic, Air Magic and Earth Magic.
   Alchemy:   Poison Magic and Transmutations.
 y - the cursed +0 cloak of Ashenzari's Paranoia (worn) {rPois, Self, Comp}
   (You took it off Crazy Yiuf on level 3 of the Dungeon)

   It has a curse which improves the following skills: Introspection: Fighting
   and Spellcasting.
   Companions: Summonings and Necromancy.
 P - the cursed +0 helmet of the Restrained Vision (worn) {Evo, Self}
   (You bought it in a shop on level 7 of the Dungeon)

   It has a curse which improves the following skills: Evocations: Evocations.
   Introspection: Fighting and Spellcasting.
Magical Staves
 a - a cursed staff of conjuration (weapon) {Comp, Elem}
Jewellery
 c - the amulet "Uziet" (around neck) {Acrobat Harm *Slow +Inv Str+2}
   (You found it on level 6 of the Dungeon)

   [amulet of the acrobat]

   It increases your evasion while moving and waiting.
   Str:       It affects your strength (+2).
   +Inv:      It lets you turn invisible.
   *Slow:     It may slow you when you take damage.
   Harm:      It increases damage dealt and taken.
 f - the cursed ring "Comet of the Sphere" (left hand) {Wiz, Evo, Self}
   (You found it on level 10 of the Dungeon)

   [ring of wizardry]

   It improves your spell success rate.
   It has a curse which improves the following skills: Evocations: Evocations.
   Introspection: Fighting and Spellcasting.
 D - a ring of flight
 E - a ring of protection from fire
 I - a ring of fire
 M - the cursed ring of the Fated Seeker (right hand) {EV+4, Melee, Elem}
   (You bought it in a shop on level 5 of the Dungeon)

   [ring of evasion]

   EV:        It affects your evasion (+4).
   It has a curse which improves the following skills: Melee Combat: Short
   Blades, Long Blades, Axes, Maces & Flails, Polearms, Staves and Unarmed
   Combat.
   Elements:  Fire Magic, Ice Magic, Air Magic and Earth Magic.
Wands
 A - a wand of iceblast (12) {@v2}
 F - a wand of flame (11)
 L - a wand of paralysis (15)
Scrolls
 h - 3 scrolls of vulnerability
 k - 3 scrolls of teleportation {@r3}
 m - 3 scrolls of noise
 q - 4 scrolls of fear
 s - 14 scrolls of identify {@r1}
 t - a scroll of torment
 u - a scroll of silence
 C - a scroll of blinking {@r4}
 J - 2 scrolls of amnesia
 N - a scroll of fog
 O - a scroll of enchant weapon
 R - 2 scrolls of enchant armour
Potions
 i - 2 potions of magic
 j - 2 potions of brilliance
 n - 3 potions of cancellation
 o - 6 potions of mutation
 p - 2 potions of heal wounds {@q2}
 v - 2 potions of degeneration
 z - 2 potions of haste {@q4}
 B - 4 potions of curing {@q1}
 G - a potion of resistance {@q5}
 K - 2 potions of berserk rage
 Q - a potion of might {@q3}
Miscellaneous
 H - a tin of tremorstones (2/2)
 S - a phial of floods


   Skills:
 + Level 9.1(13.6) Fighting
 - Level 6.0(8.3) Short Blades
 - Level 2.1 Throwing
 - Level 5.2 Dodging
 - Level 5.3 Stealth
 - Level 3.6(7.5) Spellcasting
 - Level 7.6 Conjurations
 - Level 13.0(18.4) Air Magic
 - Level 5.3(8.7) Evocations


You had 11 spell levels left.
You knew the following spells:

 Your Spells              Type           Power      Damage    Failure   Level
a - Static Discharge      Conj/Air       58%        N/A       1%          2
b - Lightning Bolt        Conj/Air       29%        1d45      1%          5
c - Maxwell's Capacitive  Air            27%        ∞         17%         8

Your spell library contained the following spells:

 Spells                   Type           Power      Damage    Failure   Level
 Dazzling Flash           Conj/Hex       46%        N/A       3%          3
 Apportation              Tloc           10%        N/A       6%          1
 Fulminant Prism          Conj/Hex       11%        3d9       12%         4
 Gell's Gravitas          Tloc           5%         N/A       16%         3
 Lesser Beckoning         Tloc           5%         N/A       16%         3
 Teleport Other           Tloc           5%         N/A       16%         3
 Borgnjor's Vile Clutch   Necr/Erth      3%         N/A       71%         5
 Alistair's Intoxication  Tmut/Pois      4%         N/A       75%         5
 Spellforged Servitor     Conj/Summ      12%        N/A       100%        7


Dungeon Overview and Level Annotations

Branches:
Dungeon (11/15)            Temple (1/1) D:4            Lair (2/6) D:10
  Swamp: Lair:2-4    Shoals: Lair:2-4     Snake: Lair:2-4    Spider: Lair:2-4
    Orc: D:9-12

Altars:
Ashenzari
Cheibriados
Dithmenos
Elyvilon
Fedhas
Gozag
Hepliaklqana
Kikubaaqudgha
Makhleb
Nemelex Xobeh
Okawaru
Qazlal
Ru
Sif Muna
Trog
Uskayaw
Vehumet
Wu Jian
Xom
Yredelemnul
Zin
The Shining One

Shops:
D:5 =   D:6 *   D:7 [   D:10 ((*

Portals:
Volcano: Lair:2


Innate Abilities, Weirdness & Mutations

You are small and have problems with some larger weapons.
You are completely attuned to the shadows.


Message History

Your base Fighting skill increases to level 9!
You feel a surge of power!
The yak is struck by an arc of lightning!
You are struck by an arc of lightning.
The yak is struck by an arc of lightning.
You kill the yak!
You are struck by an arc of lightning.
The lightning grounds out.
You hear the slow rumble of an avalanche of rocks very nearby.
A lindwurm comes into view.
The lindwurm breathes flames at you. The blast of flame misses you.
Found a dark tunnel.
The lindwurm completely misses you. The lindwurm misses you.
The lindwurm claws you.
You feel a surge of power!
The lindwurm is struck by an arc of lightning!
You are struck by an arc of lightning.
The lindwurm is struck by an arc of lightning.
You are struck by an arc of lightning.
The lightning grounds out.
The lindwurm misses you.
The lindwurm claws you but does no damage.
The lindwurm misses you.
You feel a surge of power!
The lindwurm is struck by an arc of lightning.
You are struck by an arc of lightning.
The lindwurm is struck by an arc of lightning!
You are struck by an arc of lightning.
The lightning grounds out.
The lindwurm breathes flames at you. The blast of flame hits you!!
You hit the lindwurm! The lindwurm bites you!
The lindwurm claws you but does no damage.
The lindwurm claws you.
You hit the lindwurm but do no damage.
You blast the lindwurm.
The lindwurm closely misses you. The lindwurm misses you.
The lindwurm claws you but does no damage.
You hit the lindwurm but do no damage. The lindwurm closely misses you. x2
The lindwurm barely misses you.
You barely miss the lindwurm. The lindwurm breathes flames at you.
The blast of flame hits you!!
You die...

***** #§≈§## ** *****
###§§§.#
,****,*,*****###.≈..#
,,,,,,,,,,,,,###k§≈.#
,,**,*,,*,,,*###@.≈Y#
,*****,*****..##.≈≈Y#
,,***,,,* *.###.§Y.#
,,,***,** *###§§§§##
,,,,,,,**** ###..≈§#
,,,**,,**,**##..≈≈.#
,,****,,,,,,.##.≈..#
,** *,,,,,,.##§§§.#
,* **,,,,,,.##)≈§.#


You could see a lindwurm (catching breath) and 3 yaks.

Vanquished Creatures
  Harold (D:9)
  Erica (Lair:1)
  4 two-headed ogres
  Pikel (D:8)
  A cyclops (D:11)
  Maggie (Lair:1)
  3 cane toads (Lair:1)
  A komodo dragon (D:10)
  2 hornets
  2 dream sheep (D:7)
  The ghost of zorge82 the Covert, an amateur KoBr (D:3)
  9 yaks
  A shadow (D:9)
  A wraith (D:9)
  2 wyverns
  A basilisk (Lair:1)
  2 steam dragons (D:9)
  3 water moccasins
  7 orc warriors
  5 ice beasts
  2 black bears
  5 centaurs
  3 ogres
  2 phantoms (D:6)
  A kobold brigand (D:8)
  5 bullfrogs
  A gnoll sergeant (D:6)
  3 scorpions
  5 wights
  3 killer bees (D:8)
  An electric eel (D:8)
  3 orc priests
  3 hounds
  3 iron imps (D:3)
  3 jellies
  Crazy Yiuf (D:3)
  3 gnoll shamans
  Jessica (D:2)
  3 iguanas
  11 orc wizards
  17 gnolls
  5 adders
  2 shadow imps
  A white imp (D:7)
  2 worms
  28 orcs
  8 ball pythons
  7 endoplasms
  6 giant cockroaches
  7 goblins
  3 hobgoblins
  4 jackals (D:1)
  9 kobolds
  5 quokkas
  6 bats
  4 frilled lizards
  10 rats
235 creatures vanquished.

Vanquished Creatures (others)
  3 fungi
  2 plants
  2 withered plants (D:3)
7 creatures vanquished.

Grand Total: 242 creatures vanquished

Notes
Turn   | Place    | Note
-------+----------+-------------------------------------------
     0 | D:1      | Colgate the Kobold Brigand began the quest for the Orb.
     0 | D:1      | Reached XP level 1. HP: 12/12 MP: 1/1
   141 | D:1      | Reached XP level 2. HP: 16/17 MP: 2/2
   629 | D:1      | Reached XP level 3. HP: 21/21 MP: 3/3
  1089 | D:2      | Reached skill level 5 in Short Blades
  1166 | D:2      | Found a faded altar of an unknown god.
  1171 | D:2      | Prayed at the altar of an unknown god.
  1171 | D:2      | Became a worshipper of Ashenzari the Shackled
  1257 | D:2      | Reached XP level 4. HP: 9/26 MP: 4/4
  1598 | D:2      | Noticed Jessica
  1602 | D:2      | Killed Jessica
  1948 | D:3      | Found a burning altar of Makhleb.
  1976 | D:3      | Reached skill level 1 in Conjurations
  1976 | D:3      | Reached XP level 5. HP: 14/30 MP: 5/5
  1995 | D:3      | Reached skill level 1 in Air Magic
  2009 | D:3      | Reached skill level 1 in Spellcasting
  2394 | D:3      | Found a runed translucent door.
  2398 | D:3      | Noticed Crazy Yiuf
  2403 | D:3      | Killed Crazy Yiuf
  2404 | D:3      | Reached skill level 2 in Air Magic
  2404 | D:3      | Reached XP level 6. HP: 35/35 MP: 7/7
  2412 | D:3      | Learned a level 2 spell: Static Discharge
  2412 | D:3      | Identified the +8 mace of the Ass {elec, rElec Int-4 Dex+7}
  2592 | D:3      | Found a runed translucent door.
  2593 | D:3      | Noticed zorge82's ghost (amateur KoBr)
  2596 | D:3      | Reached * piety under Ashenzari
  3177 | D:4      | Noticed a black bear
  3186 | D:4      | Killed a black bear
  3402 | D:4      | Reached ** piety under Ashenzari
  3519 | D:4      | Reached XP level 7. HP: 44/44 MP: 10/10
  3905 | D:4      | Found a staircase to the Ecumenical Temple.
  3911 | D:4      | Reached skill level 3 in Air Magic
  3913 | Temple   | Entered the Ecumenical Temple
  4407 | D:5      | Entered Level 5 of the Dungeon
  4488 | D:5      | Reached XP level 8. HP: 48/48 MP: 12/15
  4720 | D:5      | Found Umoiruergh's Jewellery Emporium.
  4868 | D:5      | Reached skill level 5 in Fighting
  5420 | D:6      | Found Poeqy's Hallowed Reliquary.
  5420 | D:6      | Noticed an angel
  5444 | D:6      | Reached *** piety under Ashenzari
  5557 | D:6      | Identified the amulet "Uziet" {Acrobat Harm *Slow +Inv
                  | Str+2}
  5874 | D:6      | Reached XP level 9. HP: 60/60 MP: 16/16
  6309 | D:6      | Reached skill level 4 in Air Magic
  6376 | D:6      | Found a hide-covered altar of Uskayaw.
  6845 | D:7      | Reached skill level 5 in Air Magic
  6849 | D:7      | Reached skill level 5 in Conjurations
  6855 | D:7      | Learned a level 5 spell: Lightning Bolt
  6986 | D:7      | Reached **** piety under Ashenzari
  7018 | D:7      | Noticed a two-headed ogre
  7023 | D:7      | Killed a two-headed ogre
  7024 | D:7      | Reached XP level 10. HP: 69/69 MP: 19/19
  7035 | D:7      | Found Kiergheps's Armour Shoppe.
  7305 | D:7      | Found a broken altar of Ashenzari.
  7380 | D:7      | Reached skill level 6 in Air Magic
  8316 | D:7      | Reached skill level 7 in Air Magic
  9064 | D:8      | Reached skill level 8 in Air Magic
  9414 | D:8      | Reached skill level 1 in Evocations
 10112 | D:8      | Noticed Pikel
 10353 | D:8      | Killed Pikel
 10354 | D:8      | Reached skill level 5 in Evocations
 10633 | D:9      | Reached XP level 11. HP: 72/72 MP: 1/19
 10928 | D:9      | Noticed Harold
 10947 | D:9      | Killed Harold
 10948 | D:9      | Reached skill level 9 in Air Magic
 10954 | D:9      | Reached skill level 10 in Air Magic
 10970 | D:9      | Identified the cursed +0 cloak of Ashenzari's Paranoia
                  | {rPois, Self, Comp} (You took it off Crazy Yiuf on level 3
                  | of the Dungeon)
 10970 | D:9      | Identified the cursed +1 helmet of Ashenzari's Malaise
                  | {Bglg, Alch} (You found it on level 3 of the Dungeon)
 10970 | D:9      | Identified the cursed +2 pair of boots of Supernal
                  | Knowledge {Fly, Elem, Alch} (You found it on level 3 of the
                  | Dungeon)
 10970 | D:9      | Identified the cursed +0 robe of Toth-Mos's Legacy {Fort,
                  | Range}
 11258 | D:5      | Bought a +4 ring of evasion for 504 gold pieces
 11260 | D:5      | Reached ***** piety under Ashenzari
 11371 | D:9      | Identified Ysuelau's Grimoire of Twisted Attacks
 11390 | D:9      | Noticed a two-headed ogre
 11394 | D:9      | Killed a two-headed ogre
 11621 | D:9      | Found an ornate altar of the Wu Jian Council.
 11982 | D:10     | Entered Level 10 of the Dungeon
 12019 | D:10     | Reached skill level 11 in Air Magic
 12025 | D:10     | Found a shimmering blue altar of Sif Muna.
 12179 | D:10     | Found a hazy altar of Hepliaklqana.
 12210 | D:10     | Found Epiep's Assorted Antiques.
 12293 | D:10     | Found Zepow's Weapon Boutique.
 12412 | D:10     | Found Arinis's Antique Weapon Boutique.
 12616 | D:10     | Found a sacrificial altar of Ru.
 12679 | D:10     | Found an ancient bone altar of Kikubaaqudgha.
 12893 | D:10     | Noticed a two-headed ogre
 13009 | D:10     | Found a staircase to the Lair.
 13152 | D:10     | Killed a two-headed ogre
 13610 | D:11     | Noticed a two-headed ogre
 13612 | D:11     | Killed a two-headed ogre
 13613 | D:11     | Reached skill level 12 in Air Magic
 13622 | D:11     | Learned a level 8 spell: Maxwell's Capacitive Coupling
 13652 | D:11     | Noticed a cyclops
 13654 | D:11     | Killed a cyclops
 13850 | D:3      | Killed zorge82's ghost
 14071 | Lair:1   | Entered Level 1 of the Lair of Beasts
 14081 | Lair:1   | Reached XP level 12. HP: 77/77 MP: 11/20
 14586 | D:7      | Bought a +0 helmet for 67 gold pieces
 15008 | Lair:1   | Noticed Maggie
 15052 | Lair:1   | Killed Maggie
 15366 | Lair:1   | Reached skill level 13 in Air Magic
 15569 | Lair:1   | Reached skill level 5 in Dodging
 15707 | Lair:1   | Noticed Erica
 15710 | Lair:1   | Killed Erica
 16754 | Lair:2   | Found a dark tunnel.
 16760 | Lair:2   | Killed from afar by a lindwurm

Illustrated notes

Levels and vault maps discovered:
D:1:      eino_arrival_water_star, layout_rooms, serial_bayou_pond_b
D:2:      layout_basic, shapermc_ecumenical_altar_pompeii,
          dreamdust_princess_corridor, minmay_tromino_v4_c, uniq_jessica
D:3:      layout_basic, demons_altar, gammafunk_ghost_grave, minivault_23,
          hangedman_decor_clover_reticule, uniq_crazy_yiuf_cottage
D:4:      layout_basic, minmay_temple_entry_hall
D:5:      layout_loops_ring, serial_shops, shop, feat_on_display
D:6:      layout_basic, lemuel_coloured_pillars_altar,
          hangedman_abyss_or_decor_passed, st_stairs_2, nicolae_good_shop
D:7:      layout_loops_corners, nicolae_overflow_crystal_walls, serial_shops,
          nicolae_shop_competitors_out_of_business, dreamdust_gnoll_shepherd
D:8:      layout_loops_cross, minivault_24, chequers_serial_rivers_micro_a,
          kennysheep_opposing_triangles, uniq_pikel
D:9:      nicolae_cairo_tiling, layout_small_grid,
          mainiacjoe_overflow_boulevard, uniq_harold
D:10:     layout_irregular_city, mainiacjoe_overflow_surrounded_room,
          mainiacjoe_overflow_paths, gammafunk_temple_overflow_wave,
          dpeg_oklobed_lair, serial_shops, nicolae_shop_hallway_stairs,
          nicolae_shop_crystal, shop
D:11:     layout_cross, hiddenorc2_lemuel
Temple:   minmay_temple_curvy_branch
Lair:1:   layout_cave_shapes, lemuel_fruit_fields, lemuel_fruit_tree,
          grunt_megastairs_5, uniq_erica, uniq_maggie
Lair:2:   layout_small_grid, nicolae_volcano_entry_vermiform

Skill      XL: |  1  2  3  4  5  6  7  8  9 10 11 12 |
---------------+-------------------------------------+-----
Short Blades   | 3 4 5 6 |  6.0
Conjurations   | 1 2 3 7 |  7.6
Air Magic      | 2 3 5 8 12 13 | 13.0
Spellcasting   | 1 3 |  3.6
Fighting       | 3 7 8 9 |  9.1
Dodging        | 2 4 5 |  5.2
Evocations     | 5 |  5.3
Throwing       | |  2.1
Stealth        | |  5.3

Action                   |  1- 3 |  4- 6 |  7- 9 | 10-12 || total
-------------------------+-------+-------+-------+-------++-------
Melee: Short sword       |    95 |    79 |    69 |     9 ||   252
       Dagger            |     4 |    36 |       |     3 ||    43
       Punch             |     1 |       |       |       ||     1
       Staff             |       |       |       |    51 ||    51
 Cast: Static Discharge  |       |     6 |    51 |    79 ||   136
       Lightning Bolt    |       |       |       |    54 ||    54
       Maxwell's Capacit |       |       |       |     9 ||     9
Invok: Curse Item        |     1 |     2 |     4 |     5 ||    12
       Shatter the Chain |       |       |     1 |     4 ||     5
Evoke: Wand              |       |       |       |     2 ||     2
  Use: Scroll            |       |     2 |     1 |     3 ||     6
       Potion            |       |     1 |       |     4 ||     5
 Stab: Sleeping          |    15 |    18 |    27 |     6 ||    66
       Distracted        |       |     1 |       |       ||     1
Armor: Robe              |    16 |    15 |     4 |    15 ||    50
       Skin              |       |       |       |    35 ||    35
       Steam dragon scal |       |       |       |     7 ||     7
Dodge: Dodged            |    62 |    44 |    68 |   127 ||   301
Block: Buckler           |     1 |    11 |       |       ||    12

Table legend: (Time is in decaauts)
 A = Elapsed time spent in this place.
 B = Non-inter-level travel time spent in this place.
 C = Inter-level travel time spent in this place.
 D = Time resting spent in this place.
 E = Time spent auto-exploring this place.
 F = Levels seen in this place.
 G = Mean time per level.
                   A        B        C        D        E       F      G
               +--------+--------+--------+--------+--------+-----+--------+
         Total |  16692 |  15389 |   1303 |    496 |  12875 |  14 | 1192.3 |
       Dungeon |  13981 |  12799 |   1182 |    390 |  10612 |  11 | 1271.0 |
        Temple |    381 |    361 |     20 |      0 |    344 |   1 |  381.0 |
          Lair |   2329 |   2228 |    101 |    106 |   1919 |   2 | 1164.5 |
               +--------+--------+--------+--------+--------+-----+--------+

Top non-repeatable levels by time:
  Lair:1: 2293 daAuts
     D:8: 2195 daAuts
     D:7: 2132 daAuts
    D:10: 1791 daAuts
     D:6: 1486 daAuts
     D:9: 1302 daAuts
     D:3: 1205 daAuts
     D:4: 1164 daAuts
     D:1: 917 daAuts
     D:2: 902 daAuts
     D:5: 830 daAuts
  Temple: 381 daAuts
    D:11: 51 daAuts
  Lair:2: 36 daAuts
